 Dungeon Crawl Stone Soup version 0.31-a0-149-g3fdcc5976a (webtiles) character file.

Game seed: 11048393156169388112

8 comborobin the Sneak (level 2, -4/18 HPs)
             Began as a Deep Elf Delver on June 7, 2023.
             Was an Initiate of Cheibriados.
             Slain by an orc
             ... wielding a +0 trident
              (8 damage)
             ... on level 4 of the Dungeon.
             The game lasted 00:00:31 (275 turns).

comborobin the Sneak (Deep Elf Delver)               Turns: 275, Time: 00:00:32

Health: -4/18      AC:  3    Str: 10    XL:     2   Next: 0%
Magic:  4/4        EV: 12    Int: 15    God:    Cheibriados [......]
Gold:   36         SH:  0    Dex: 17    Spells: 1/1 levels left

rFire   . . .        a - +0 short sword
rCold   . . .        (no shield)
rNeg    . . .        b - +0 leather armour
rPois   .            (no helmet)
rElec   .            (no cloak)
rCorr   .            (no gloves)
SInv    .            (no boots)
Will    .....        (no amulet)
Stlth   +++          (no ring)
HPRegen 0.23/turn    (no ring)
MPRegen 0.09/turn

%: no passive effects
@: very slow
A: no striking features
a: Renounce Religion


You were on level 4 of the Dungeon.
You worshipped Cheibriados.
Cheibriados was noncommittal.
You visited 1 branch of the dungeon, and saw 3 of its levels.

You collected 36 gold pieces.

Inventory:

Hand Weapons
 a - a +0 short sword (weapon)
Armour
 b - a +0 leather armour (worn)
Wands
 g - a wand of digging (3)
Scrolls
 c - 2 scrolls of fog
 d - 2 scrolls of magic mapping
 e - a scroll of fear


   Skills:
 + Level 2.5 Fighting
 + Level 2.2 Short Blades
 + Level 2.7 Dodging
 + Level 6.1 Stealth


You had one spell level left.
You didn't know any spells.
Your spell library was empty.

Dungeon Overview and Level Annotations

Branches:
Dungeon (6/15)
 Temple: D:4-7

Altars:
Cheibriados
Nemelex Xobeh
Qazlal
Ru


Message History

Found a stormy altar of Qazlal and a sacrificial altar of Ru.
Found 10 gold pieces.
There is a snail-covered altar of Cheibriados here.
You kneel at the altar of Cheibriados.
Cheibriados welcomes you!
Cheibriados begins to support your attributes as your movement slows.
Cheibriados is now slowing the effects of poison on you.
Unknown command.
Press < or > to pray at altars.
You now have 10 gold pieces.
c - 2 scrolls of fog (gained 1)
Your extra speed is starting to run out.
You now have 24 gold pieces (gained 14).
You feel yourself slow down.
Found an escape hatch in the floor.
There is an escape hatch in the floor here.
You now have 36 gold pieces (gained 12).
Found a stone staircase leading down.
You open the door.
Found a sparkling altar of Nemelex Xobeh.
There is an open door here.
There is a shaft here.
There is a shaft here.
You open the door.
There is an open door here.
There is an escape hatch in the floor here.
An endoplasm comes into view.
An orc comes into view. It is wielding a +0 trident.
Found 11 gold pieces.
The orc shouts!
The orc closely misses you.
The orc hits you from afar with a +0 trident.
A sleepcap, an iguana and an orc come into view.
Found a dark potion and a scroll labelled GEPUTO SOSHRO.
The orc hits you with a +0 trident!
The iguana moves out of view.
The orc hits you with a +0 trident!
* * * LOW HITPOINT WARNING * * *
The orc misses you.
The orc hits you from afar with a +0 trident!
You die...

#.# ###
###.. ...
#.... ..##
#.#.##.$.
#.#....
#.#..#
##.#..##.#.
#..fo.......
#.@#....##.#
#..#.o.J...
#..##....##
#..# .!..#
.. #..#
.....? #.
#..# .#..##
#.### #..#
... #...#
#..# #.#.#
#..#


You could see a sleepcap and an orc.

Vanquished Creatures
  An endoplasm (D:4)
  A hobgoblin (D:4)
  3 jackals (D:4)
  A quokka (D:4)
6 creatures vanquished.

Notes
Turn   | Place    | Note
-------+----------+-------------------------------------------
     0 | D:5      | comborobin the Deep Elf Delver began the quest for the Orb.
     0 | D:5      | Reached XP level 1. HP: 13/13 MP: 3/3
     3 | D:6      | Noticed an iguana
    19 | D:5      | Noticed an orc wizard
    70 | D:4      | Reached XP level 2. HP: 17/18 MP: 4/4
    74 | D:4      | Found a snail-covered altar of Cheibriados.
    75 | D:4      | Found a stormy altar of Qazlal.
    75 | D:4      | Found a sacrificial altar of Ru.
    80 | D:4      | Became a worshipper of Cheibriados the Contemplative
   208 | D:4      | Found a sparkling altar of Nemelex Xobeh.
   275 | D:4      | Slain by an orc

Illustrated notes

Levels and vault maps discovered:
D:4:      minmay_inner_zag, layout_loops_ring, kennysheep_ying_yang,
          chequers_temple_overflow_statue_of_worship,
          mainiacjoe_overflow_alcove_1, nemelex_spade_bored_becter
D:5:      layout_loops_corners, temple_green, minmay_increasing_density,
          uniq_eustachio, uniq_ijyb, uniq_prince_ribbit1
D:6:      layout_loops_ring, doesnt_shop_hydraphobe, uniq_duvessa

Action                     || total
---------------------------++-------
  Melee: Short sword       ||    25
         Punch             ||     1
    Use: Potion            ||     1
   Stab: Sleeping          ||     1
 Armour: Leather armour    ||     5
  Dodge: Dodged            ||    10

Table legend: (Time is in decaauts)
 A = Elapsed time spent in this place.
 B = Non-inter-level travel time spent in this place.
 C = Inter-level travel time spent in this place.
 D = Time resting spent in this place.
 E = Time spent auto-exploring this place.
 F = Levels seen in this place.
 G = Mean time per level.
                   A        B        C        D        E       F      G
               +--------+--------+--------+--------+--------+-----+--------+
         Total |    304 |    304 |      0 |      0 |    225 |   3 |  101.3 |
       Dungeon |    304 |    304 |      0 |      0 |    225 |   3 |  101.3 |
               +--------+--------+--------+--------+--------+-----+--------+

Top non-repeatable levels by time:
     D:4: 274 daAuts
     D:5: 16 daAuts
     D:6: 12 daAuts
